 Dungeon Crawl Stone Soup version 0.22-a0-480-g991dd4b (webtiles) character file.

9839 KristoblXynda the Grappler (level 11, 0/100 HPs)
             Began as a Troll Wizard on June 15, 2018.
             Was a Priest of Ashenzari.
             Slain by a minotaur
             ... wielding a +1 short sword of venom
              (13 damage)
             ... in a labyrinth.
             The game lasted 00:26:03 (10849 turns).

KristoblXynda the Grappler (Troll Wizard)          Turns: 10849, Time: 00:26:03

Health: 0/100      AC:  8    Str: 17    XL:     11   Next: 28%
Magic:  11/13      EV: 20    Int: 17    God:    Ashenzari [***...]
Gold:   683        SH:  0    Dex: 13    Spells: 10/14 levels left

rFire    . . .     SeeInvis +     - Unarmed
rCold    . . .     Gourm    +   (no shield)
rNeg     . . .     Faith    .   a - +0 robe
rPois    .         Spirit   .   b - +0 hat
rElec    .         Reflect  .   x - +2 cloak
rCorr    .         Harm     .   (gloves unavailable)
MR       .....                  (boots unavailable)
Stlth    +++.......             (no amulet)
HPRegen  0.66/turn              s - ring of wizardry (curse)
MPRegen  0.13/turn              r - +5 ring of evasion

@: agile
A: large, unfitting armour, claws 3, fast metabolism 3, gourmand, regeneration
1, shaggy fur 1, tough skin 2
a: Curse Item, Scrying, Renounce Religion


You were in a labyrinth.
You worshipped Ashenzari.
Ashenzari was most pleased with you.
You were not hungry.

You visited 3 branches of the dungeon, and saw 13 of its levels.
You also visited: Labyrinth and Ossuary.

You collected 743 gold pieces.
You spent 60 gold pieces at shops.

Inventory:

Armour
 a - a +0 robe (worn)
 b - a +0 hat (worn)
 x - a +2 cloak (worn)
Magical Staves
 w - an uncursed staff of wizardry
Jewellery
 r - a +5 ring of evasion (right claw)
 s - a cursed ring of wizardry (left claw)
 t - a +5 ring of protection
 M - an uncursed ring of protection from magic
 N - an uncursed ring of poison resistance
 O - an uncursed ring of protection from cold
Wands
 E - a wand of disintegration (8)
 J - a wand of clouds (4)
 K - a wand of iceblast (16)
 L - a wand of acid (4)
Scrolls
 c - a scroll of amnesia {unknown}
 e - 6 scrolls of remove curse
 g - 2 scrolls of enchant weapon {unknown}
 h - 2 scrolls of immolation
 i - a scroll of teleportation {unknown}
 l - 2 scrolls of magic mapping {unknown}
 y - 3 scrolls of enchant armour {unknown}
 A - 2 scrolls of fog
 B - a scroll of fear {unknown}
 F - 2 scrolls of holy word {unknown}
Potions
 f - 3 potions of magic
 j - 6 potions of curing
 k - 2 potions of agility
 m - 3 potions of invisibility
 n - a potion of ambrosia {unknown}
 o - 2 potions of flight {unknown}
 p - 2 potions of heal wounds
 q - 2 potions of mutation {unknown}
 u - 2 potions of might {unknown}
 v - 2 potions of brilliance
 z - 4 potions of haste
 C - a potion of lignification {unknown}
 I - a potion of cancellation {unknown}
Comestibles
 d - 25 rations


   Skills:
 + Level 4.1 Fighting
 - Level 1.5 Dodging
 - Level 1.0 Stealth
 + Level 11.3 Unarmed Combat
 - Level 2.0 Spellcasting
 * Level 9.8 Conjurations
   Level 0.6 Summonings
   Level 0.6 Translocations


You had 10 spell levels left.
You knew the following spells:

 Your Spells              Type           Power        Failure   Level  Hunger
a - Magic Dart            Conj           ####         1%          1    #......
b - Mephitic Cloud        Conj/Pois/Air  ##......     6%          3    ###....

Your spell library contained the following spells:

 Spells                   Type           Power        Failure   Level  Hunger
 Conjure Flame            Conj/Fire      ###.....     3%          3    ###....
 Slow                     Hex            #.......     12%         2    ###....
 Blink                    Tloc           N/A          9%          2    ###....
 Call Imp                 Summ           #.......     9%          2    ###....


Dungeon Overview and Level Annotations

Branches:
Dungeon (11/15)            Temple (1/1) D:4            Lair (1/6) D:9
    Orc: D:9-12

Altars:
Ashenzari
Cheibriados
Dithmenos
Elyvilon
Fedhas
Gozag
Hepliaklqana
Kikubaaqudgha
Makhleb
Nemelex Xobeh
Okawaru
Qazlal
Ru
Sif Muna
Trog
Uskayaw
Vehumet
Wu Jian
Xom
Yredelemnul
Zin
The Shining One

Shops:
D:4 !

Annotations:
Lair:1 Nergalle


Innate Abilities, Weirdness & Mutations

You are too large for most types of armour.
You have claws for hands.
Your metabolism is lightning-fast.
You like to eat raw meat.
Your natural rate of healing is unusually fast.
You are covered in fur. (AC +1)
You have very tough skin. (AC +2)


Message History

* * * LOW HITPOINT WARNING * * *
You are poisoned.
The minotaur misses you.
Evoke which item? (* to show all) (? for menu, Esc to quit)
Aiming: Disintegrate
Press: ? - help, Shift-Dir - straight line, f/p - minotaur
Aim: a minotaur, wielding a short sword of venom, wearing a chain mail and quivering 11 javelins (severely wounded, chance to defeat MR: 7%)
The minotaur resists with almost no effort.
You feel sick. The minotaur completely misses you. The minotaur gores you!
* * * LOW HITPOINT WARNING * * *
You feel much better.
You feel sick.
The minotaur hits you with a short sword of venom!!
* * * LOW HITPOINT WARNING * * *
You are more poisoned.
The minotaur gores you.
* * * LOW HITPOINT WARNING * * *
Okay, then.
You feel better.
The minotaur hits you with a short sword of venom!
You die...

* #, #, # .
. , . #. .
# * #.# ##.
# * , #.
,... # , .
** ,.,.....
, ,*. . * #
## #..* ..
, #,
,...... #
#. * ,* #
######## ..
#. * ,
.#.@.(.(#
#* ,
,#.#H####.#
* #.#. ∆# #
# .## ## .
.. ,* # .
.....#., #
, #### .#
*,, , , , ,
* , ,,* , *
,* * * * *


You could see a minotaur.

Vanquished Creatures
  5 two-headed ogres
  Urug (D:10)
  6 hippogriffs
  Eustachio (D:6)
  A water moccasin (D:11)
  2 hell hounds (D:9)
  2 orc warriors
  2 sky beasts
  3 phantoms
  A black bear (D:8)
  4 ogres
  2 centaurs
  An elf zombie (Ossuary)
  Blork the orc (D:6)
  3 bullfrogs
  A gnoll sergeant (D:3)
  4 scorpions
  A howler monkey (D:10)
  2 jellies
  2 bullfrog zombies
  4 crimson imps
  3 hounds (D:5)
  5 centaur zombies
  2 orc priests
  A human zombie (D:7)
  11 orc wizards
  3 bullfrog skeletons
  5 gnoll shamans
  Crazy Yiuf (D:2)
  2 centaur skeletons
  Natasha (thrice) (D:2)
  2 iguanas
  5 worker ants
  2 big kobold zombies (Ossuary)
  A hound skeleton (D:5)
  2 mummies (Ossuary)
  A howler monkey zombie (D:7)
  37 gnolls
  10 adders
  2 shadow imps
  2 adder zombies (Ossuary)
  5 adder skeletons
  4 worms
  2 dart slugs
  4 leopard geckos
  35 orcs
  A ball python (D:4)
  3 giant cockroaches
  4 hobgoblins (D:1)
  30 jackals
  4 quokkas
  6 bats
  6 frilled lizards
  8 goblins
  7 hobgoblin zombies (Ossuary)
  A jackal skeleton (D:5)
  A jackal zombie (Ossuary)
  7 kobolds
  9 kobold zombies (Ossuary)
  A leopard gecko skeleton (D:4)
  11 orc zombies (Ossuary)
  2 quokka skeletons
  5 rats
  2 rat zombies (Ossuary)
307 creatures vanquished.

Vanquished Creatures (others)
  A quokka (D:4)
1 creature vanquished.

Grand Total: 308 creatures vanquished

Notes
Turn   | Place    | Note
-------+----------+-------------------------------------------
     0 | D:1      | KristoblXynda the Troll Wizard began the quest for the Orb.
     0 | D:1      | Reached XP level 1. HP: 16/16 MP: 2/2
   138 | D:1      | Reached skill level 1 in Conjurations
   233 | D:1      | Reached skill level 1 in Unarmed Combat
   234 | D:1      | Reached XP level 2. HP: 21/24 MP: 4/4
   758 | D:2      | Found an opulent altar of Gozag.
   864 | D:2      | Reached XP level 3. HP: 19/31 MP: 5/5
   877 | D:2      | Found a runed door.
  1078 | D:2      | Noticed Natasha
  1088 | D:2      | Killed Natasha
  1088 | D:2      | Reached skill level 2 in Unarmed Combat
  1300 | D:2      | Reached XP level 4. HP: 31/39 MP: 6/6
  1313 | D:2      | Learned a level 3 spell: Mephitic Cloud
  1595 | D:2      | Noticed Natasha
  1602 | D:2      | Killed Natasha
  1602 | D:2      | Reached skill level 3 in Unarmed Combat
  1638 | D:2      | Noticed Natasha
  1644 | D:2      | Killed Natasha
  1644 | D:2      | Reached XP level 5. HP: 41/45 MP: 7/7
  1826 | D:2      | Noticed Crazy Yiuf
  1844 | D:2      | Killed Crazy Yiuf
  2110 | D:3      | Found an ancient bone altar of Kikubaaqudgha.
  2183 | D:3      | Found a shattered altar of Ashenzari.
  2183 | D:3      | Found a shimmering altar of Xom.
  2208 | D:3      | Became a worshipper of Ashenzari the Shackled
  2364 | D:3      | Reached skill level 4 in Unarmed Combat
  2422 | D:3      | Reached XP level 6. HP: 43/53 MP: 8/8
  2902 | D:3      | Reached skill level 5 in Unarmed Combat
  2902 | D:3      | Reached XP level 7. HP: 48/59 MP: 6/9
  3570 | D:4      | Found a staircase to the Ecumenical Temple.
  3661 | D:4      | Reached skill level 6 in Unarmed Combat
  3669 | D:4      | Found Duthu's Distillery.
  3677 | D:4      | Bought a potion of heal wounds for 60 gold pieces
  3696 | D:4      | Found a burning altar of Makhleb.
  3739 | D:4      | Found a white marble altar of Elyvilon.
  3862 | D:4      | Reached * piety under Ashenzari
  4298 | D:4      | Reached XP level 8. HP: 54/67 MP: 10/10
  4340 | D:4      | Reached skill level 5 in Conjurations
  4922 | Temple   | Entered the Ecumenical Temple
  5026 | D:5      | Entered Level 5 of the Dungeon
  5151 | D:5      | Reached skill level 7 in Unarmed Combat
  5391 | D:5      | Found a bloodstained altar of Trog.
  5909 | D:6      | Found a sparkling altar of Nemelex Xobeh.
  6160 | D:6      | Reached ** piety under Ashenzari
  6265 | D:6      | Reached skill level 8 in Unarmed Combat
  6283 | D:6      | Noticed Blork the orc
  6292 | D:6      | Killed Blork the orc
  6302 | D:6      | Noticed Eustachio
  6370 | D:6      | Killed Eustachio
  6370 | D:6      | Reached XP level 9. HP: 74/74 MP: 7/11
  6682 | D:7      | Found a sand-covered staircase.
  6696 | Ossuary  | Entered an ossuary
  6883 | Ossuary  | Reached skill level 9 in Unarmed Combat
  7784 | D:8      | Noticed a two-headed ogre
  7792 | D:8      | Killed a two-headed ogre
  7792 | D:8      | Reached skill level 10 in Unarmed Combat
  7792 | D:8      | Reached XP level 10. HP: 81/81 MP: 8/12
  7839 | D:8      | Found a blossoming altar of Fedhas.
  8081 | D:8      | Found a glowing golden altar of the Shining One.
  8081 | D:8      | Noticed a two-headed ogre
  8092 | D:8      | Killed a two-headed ogre
  8092 | D:8      | Reached skill level 1 in Fighting
  8095 | D:8      | Found a radiant altar of Vehumet.
  8100 | D:8      | Found a shadowy altar of Dithmenos.
  8383 | D:9      | Noticed a two-headed ogre
  8409 | D:9      | Killed a two-headed ogre
  8484 | D:9      | Noticed a two-headed ogre
  8506 | D:9      | Killed a two-headed ogre
  8692 | D:9      | Found a staircase to the Lair.
  8965 | D:9      | Found a basalt altar of Yredelemnul.
  9058 | D:9      | Reached *** piety under Ashenzari
  9063 | D:9      | Found an ornate altar of the Wu Jian Council.
  9268 | Lair:1   | Entered Level 1 of the Lair of Beasts
  9268 | Lair:1   | Noticed Nergalle
  9268 | Lair:1   | Noticed a spiny frog
  9290 | D:10     | Entered Level 10 of the Dungeon
  9312 | D:10     | Reached skill level 11 in Unarmed Combat
  9426 | D:10     | Noticed Urug
  9455 | D:10     | Killed Urug
  9455 | D:10     | Reached XP level 11. HP: 56/97 MP: 5/13
 10268 | D:11     | Found a labyrinth entrance.
 10268 | D:11     | Noticed a two-headed ogre
 10282 | D:11     | Killed a two-headed ogre
 10290 | Lab      | Entered a labyrinth
 10812 | Lab      | Noticed a minotaur
 10843 | Lab      | HP: 5/100 [minotaur/short sword of venom (16)]
 10848 | Lab      | HP: 4/100 [minotaur/short sword of venom (32)]
 10849 | Lab      | Slain by a minotaur

Vault maps used:
D:1:      dpeg_arrival_simpleton_b, minmay_misc_feat_plants,
          kennysheep_pointless_box
D:2:      nicolae_overflow_hidden_temple, minmay_misc_feat_doors,
          minmay_misc_feat_rows, nrook_loot_triangle, uniq_natasha,
          uniq_crazy_yiuf_cottage
D:3:      lemuel_castle_with_subvaults, kiku_gazebo_garden_becter,
          chequers_temple_overflow_statue_of_worship
D:4:      kennysheep_six_static_rooms, elyvilon_altar_4,
          minmay_temple_entry_mist, serial_shops, nicolae_shop_stone,
          first_ration, bloody_makhleb
D:5:      serial_park_tiny_1, trog_three_pillars_becter
D:6:      nemelex_xobeh_ov_fountains_minmay, uniq_blork_the_orc, uniq_eustachio
D:7:      enter_ossuary_3, grunt_ministairs_11
D:8:      minmay_overflow_temple_star_quad, lemuel_round_altar
D:9:      kennysheep_mini_moat, nicolae_overflow_crystal_walls,
          minmay_lair_entry_lava
D:10:     uniq_urug
D:11:     orc_0_dummy, lab_entry_generic
Temple:   eino_wide_crystal_templ
Lair:1:   minivault_23, serial_bayou_ford_a, grunt_forest_large_clearing_hut,
          uniq_nergalle
Lab:      labyrinth_spiral, labyrinth_skeletal_remains, nicolae_lab_do_over
Ossuary:  ossuary_tomb_1

Skill      XL: |  1  2  3  4  5  6  7  8  9 10 11 |
---------------+----------------------------------+-----
Conjurations   | 1 2 3 4 6 7 9 |  9.8
Unarmed Combat | 1 2 3 4 5 6 8 10 11 | 11.3
Fighting       | 3 4 |  4.1
Dodging        | |  1.5
Stealth        | |  1.0
Spellcasting   | |  2.0
Summonings     | |  0.6
Translocations | |  0.6

Action                   |  1- 3 |  4- 6 |  7- 9 | 10-12 || total
-------------------------+-------+-------+-------+-------++-------
Melee: Unarmed           |    97 |   245 |   520 |   259 ||  1121
       Punch             |       |     3 |    10 |    12 ||    25
 Cast: Mephitic Cloud    |       |     3 |    11 |     8 ||    22
       Magic Dart        |       |     8 |       |       ||     8
Invok: Curse Item        |       |     1 |       |       ||     1
Evoke: Wand              |       |       |       |     4 ||     4
  Use: Scroll            |       |     1 |     6 |     3 ||    10
       Potion            |       |       |       |     9 ||     9
 Stab: Sleeping          |     1 |       |     3 |       ||     4
       Confused          |       |       |     9 |     4 ||    13
  Eat: Chunk             |    17 |    16 |    46 |    22 ||   101
Armor: Robe              |    24 |   117 |   199 |    57 ||   397
Dodge: Dodged            |    40 |   176 |   204 |   140 ||   560

Table legend:
 A = Spawn XP
 B = Non-spawn XP
 C = Spawn XP percentage of total XP
 D = Spawn monster count
 E = Non-spawn monster count
 F = Spawn count percentage of total count
 G = Total turns spent on level
                    A         B        C        D         E        F      G
               +---------+---------+-------+---------+---------+-------+---------
         Total |       0 |   14057 |   0.0 |       0 |     307 |   0.0 | 10849
               +---------+---------+-------+---------+---------+-------+---------
           D:1 |       0 |      28 |   0.0 |       0 |      16 |   0.0 |   736
           D:2 |       0 |     210 |   0.0 |       0 |      25 |   0.0 |  1316
           D:3 |       0 |     822 |   0.0 |       0 |      76 |   0.0 |  1507
           D:4 |       0 |     661 |   0.0 |       0 |      24 |   0.0 |  1395
           D:5 |       0 |     628 |   0.0 |       0 |      16 |   0.0 |   677
           D:6 |       0 |     639 |   0.0 |       0 |      24 |   0.0 |   900
           D:7 |       0 |    1416 |   0.0 |       0 |      14 |   0.0 |   874
           D:8 |       0 |    1971 |   0.0 |       0 |       6 |   0.0 |   523
           D:9 |       0 |    3081 |   0.0 |       0 |      39 |   0.0 |  1005
          D:10 |       0 |    3156 |   0.0 |       0 |      24 |   0.0 |   878
          D:11 |       0 |    1129 |   0.0 |       0 |       4 |   0.0 |   122
       Ossuary |       0 |     316 |   0.0 |       0 |      39 |   0.0 |   283
               +---------+---------+-------+---------+---------+-------+---------
